2454 views
Uploaded 2021-12-15 06:18:51
Game version 1.32.10
26:38 long 1on1 ladder game on (3)NomadIsles
Saved by SleepyBear
2454 views
Uploaded 2021-12-15 06:18:51
Game version 1.32.10
26:38 long 1on1 ladder game on (3)NomadIsles

43 units @ 5.6k
/ 0.6k
22 buildings @ 3.2k
/ 1.6k



| Scroll of Regeneration | 5 | 500 |
| Scroll of Town Portal | 3 | 1050 |
| Potion of Invisibility | 1 | 100 |
| total: | 9 | 1650g |
| Peasant | 22 | 1650 | / | 0 |
| Footman | 1 | 135 | / | 0 |
| Rifleman | 8 | 1640 | / | 240 |
| Sorceress | 5 | 775 | / | 100 |
| Priest | 4 | 540 | / | 40 |
| Gryphon Rider | 3 | 840 | / | 210 |
| total: | 43 | 5580g | / | 590w |
| Scout Tower | 2 | 60 | / | 40 |
| Arcane Tower | 1 | 70 | / | 50 |
| Guard Tower | 1 | 70 | / | 50 |
| Altar of Kings | 1 | 180 | / | 50 |
| Farm | 8 | 640 | / | 160 |
| Arcane Vault | 1 | 130 | / | 30 |
| Blacksmith | 1 | 140 | / | 60 |
| Barracks | 1 | 160 | / | 60 |
| Lumber Mill | 1 | 120 | / | 0 |
| Town Hall | 3 | 1155 | / | 615 |
| Arcane Sanctum | 1 | 150 | / | 140 |
| Workshop | 1 | 140 | / | 140 |
| Gryphon Aviary | 2 | 280 | / | 300 |
| Keep | 1 | 320 | / | 210 |
| Castle | 1 | 360 | / | 210 |
| total: | 22 | 3155g | / | 1595w |
| 0:06 | Peasant |
| 0:06 | Peasant |
| 0:14 | Altar of Kings |
| 0:22 | Farm |
| 0:33 | Peasant |
| 0:49 | Farm |
| 0:56 | Farm |
| 0:58 | Peasant |
| 1:14 | Peasant |
| 1:20 | Arcane Vault |
| 1:27 | Peasant |
| 1:39 | Peasant |
| 1:42 | Peasant |
| 2:02 | Blacksmith |
| 2:07 | Blizzard |
| 2:26 | Barracks |
| 2:28 | Scout Tower |
| 2:33 | Lumber Mill |
| 2:46 | Scout Tower |
| 2:47 | Farm |
| 3:02 | Arcane Tower |
| 3:30 | Footman |
| 3:39 | Improved Lumber Harvesting |
| 3:40 | Improved Masonry |
| 3:47 | Rifleman |
| 4:02 | Guard Tower |
| 4:08 | Farm |
| 4:23 | Rifleman |
| 4:49 | Keep |
| 4:55 | Brilliance Aura |
| 4:58 | Scroll of Regeneration |
| 5:23 | Rifleman |
| 5:45 | Rifleman |
| 5:51 | Scroll of Regeneration |
| 6:27 | Rifleman |
| 6:31 | Rifleman |
| 6:35 | Farm |
| 7:15 | Blizzard |
| 7:37 | Peasant |
| 7:37 | Peasant |
| 7:59 | Potion of Invisibility |
| 8:18 | Storm Bolt |
| 8:19 | Scroll of Regeneration |
| 8:23 | Rifleman |
| 8:36 | Arcane Sanctum |
| 8:42 | Advanced Masonry |
| 9:34 | Brilliance Aura |
| 9:52 | Sorceress |
| 9:53 | Sorceress Adept Training |
| 9:54 | Priest |
| 9:54 | Priest Adept Training |
| 10:00 | Scroll of Town Portal |
| 10:06 | Scroll of Regeneration |
| 10:15 | Peasant |
| 11:12 | Workshop |
| 11:27 | Town Hall |
| 11:55 | Advanced Lumber Harvesting |
| 12:01 | Scroll of Regeneration |
| 12:10 | Scroll of Town Portal |
| 13:21 | Castle |
| 13:33 | Gryphon Aviary |
| 13:34 | Gryphon Aviary |
| 13:44 | Thunder Clap |
| 13:47 | Peasant |
| 13:48 | Peasant |
| 13:48 | Peasant |
| 13:48 | Peasant |
| 13:50 | Peasant |
| 14:02 | Rifleman |
| 14:30 | Storm Bolt |
| 15:18 | Town Hall |
| 15:21 | Iron Forged Swords |
| 15:21 | Studded Leather Armor |
| 16:07 | Storm Hammers |
| 16:09 | Animal War Training |
| 16:11 | Imbued Masonry |
| 16:21 | Sorceress |
| 16:21 | Priest |
| 16:30 | Sorceress |
| 17:01 | Peasant |
| 17:01 | Peasant |
| 17:16 | Gryphon Rider |
| 18:14 | Holy Light |
| 18:36 | Farm |
| 18:37 | Farm |
| 19:25 | Town Hall |
| 19:50 | Priest |
| 19:50 | Sorceress |
| 21:06 | Divine Shield |
| 21:12 | Gryphon Rider |
| 21:18 | Steel Forged Swords |
| 21:23 | Peasant |
| 21:29 | Peasant |
| 21:29 | Peasant |
| 21:32 | Peasant |
| 22:47 | Blizzard |
| 23:02 | Priest |
| 23:02 | Sorceress |
| 24:59 | Scroll of Town Portal |
| 25:16 | Gryphon Rider |
| 25:48 | Holy Light |
| Right click | 1208 |
| Select | 392 |
| Select group | 326 |
| Build/train/purchase | 105 |
| Use ability | 77 |
| Assign group | 42 |
| Chat | 8 |
| Misc. action | 6 |
| Esc | 4 |
57 units @ 6.6k
/ 0.7k
53 buildings @ 4.2k
/ 2.1k


| Lesser Clarity Potion | 6 | 420 |
| Scroll of Regeneration | 6 | 600 |
| Potion of Mana | 1 | 200 |
| Scroll of Healing | 1 | 250 |
| Scroll of Protection | 1 | 150 |
| total: | 15 | 1620g |
| Peasant | 32 | 2400 | / | 0 |
| Footman | 4 | 540 | / | 0 |
| Rifleman | 8 | 1640 | / | 240 |
| Flying Machine | 9 | 900 | / | 270 |
| Gryphon Rider | 3 | 840 | / | 210 |
| Ogre Mauler | 1 | 300 | / | 0 |
| total: | 57 | 6620g | / | 720w |
| Scout Tower | 27 | 810 | / | 540 |
| Arcane Tower | 6 | 420 | / | 300 |
| Guard Tower | 12 | 840 | / | 600 |
| Altar of Kings | 1 | 180 | / | 50 |
| Barracks | 2 | 320 | / | 120 |
| Farm | 14 | 1120 | / | 280 |
| Blacksmith | 1 | 140 | / | 60 |
| Arcane Vault | 1 | 130 | / | 30 |
| Lumber Mill | 1 | 120 | / | 0 |
| Town Hall | 2 | 770 | / | 410 |
| Workshop | 1 | 140 | / | 140 |
| Gryphon Aviary | 3 | 420 | / | 450 |
| Keep | 2 | 640 | / | 420 |
| Castle | 1 | 360 | / | 210 |
| total: | 53 | 4150g | / | 2080w |
| 0:03 | Peasant |
| 0:03 | Peasant |
| 0:03 | Peasant |
| 0:04 | Peasant |
| 0:21 | Altar of Kings |
| 0:35 | Barracks |
| 0:45 | Farm |
| 0:46 | Farm |
| 0:52 | Peasant |
| 0:53 | Peasant |
| 1:32 | Farm |
| 1:36 | Footman |
| 1:36 | Footman |
| 1:37 | Footman |
| 1:44 | Farm |
| 1:59 | Peasant |
| 1:59 | Peasant |
| 2:03 | Footman |
| 2:18 | Blacksmith |
| 2:22 | Storm Bolt |
| 2:33 | Scout Tower |
| 2:39 | Arcane Vault |
| 2:46 | Peasant |
| 3:00 | Arcane Tower |
| 3:07 | Farm |
| 3:30 | Rifleman |
| 3:31 | Black Gunpowder |
| 3:39 | Lumber Mill |
| 3:54 | Farm |
| 4:08 | Rifleman |
| 4:28 | Rifleman |
| 4:40 | Peasant |
| 4:43 | Improved Lumber Harvesting |
| 5:08 | Thunder Clap |
| 5:13 | Rifleman |
| 5:16 | Peasant |
| 5:22 | Improved Masonry |
| 5:29 | Lesser Clarity Potion |
| 6:17 | Rifleman |
| 6:29 | Scroll of Regeneration |
| 6:29 | Lesser Clarity Potion |
| 6:35 | Town Hall |
| 6:39 | Scout Tower |
| 6:40 | Scout Tower |
| 6:44 | Scout Tower |
| 7:06 | Guard Tower |
| 7:10 | Scout Tower |
| 7:17 | Guard Tower |
| 7:21 | Scout Tower |
| 7:39 | Guard Tower |
| 7:49 | Storm Bolt |
| 8:01 | Peasant |
| 8:01 | Peasant |
| 8:04 | Rifleman |
| 8:05 | Studded Leather Armor |
| 8:39 | Guard Tower |
| 8:42 | Scout Tower |
| 8:43 | Scout Tower |
| 8:59 | Keep |
| 9:04 | Farm |
| 9:05 | Farm |
| 9:19 | Arcane Tower |
| 9:21 | Guard Tower |
| 9:37 | Peasant |
| 9:37 | Peasant |
| 9:53 | Peasant |
| 9:53 | Peasant |
| 10:02 | Guard Tower |
| 10:06 | Scroll of Regeneration |
| 10:06 | Lesser Clarity Potion |
| 10:13 | Peasant |
| 10:13 | Peasant |
| 10:16 | Scout Tower |
| 10:16 | Scout Tower |
| 10:19 | Scout Tower |
| 10:19 | Scout Tower |
| 10:29 | Rifleman |
| 10:31 | Peasant |
| 10:46 | Arcane Tower |
| 10:57 | Guard Tower |
| 11:11 | Guard Tower |
| 11:15 | Peasant |
| 11:16 | Guard Tower |
| 11:18 | Scout Tower |
| 12:03 | Barracks |
| 12:05 | Scroll of Regeneration |
| 12:05 | Lesser Clarity Potion |
| 12:09 | Keep |
| 12:10 | Arcane Tower |
| 12:14 | Iron Forged Swords |
| 13:10 | Peasant |
| 13:10 | Peasant |
| 13:10 | Peasant |
| 13:26 | Thunder Clap |
| 14:04 | Scroll of Healing |
| 14:05 | Scroll of Protection |
| 14:45 | Castle |
| 14:46 | Refined Gunpowder |
| 14:47 | Reinforced Leather Armor |
| 14:51 | Peasant |
| 14:51 | Peasant |
| 14:52 | Peasant |
| 14:52 | Peasant |
| 14:56 | Long Rifles |
| 15:06 | Ogre Mauler |
| 15:22 | Workshop |
| 16:08 | Gryphon Aviary |
| 16:10 | Gryphon Aviary |
| 16:36 | Rifleman |
| 16:39 | Flak Cannons |
| 16:39 | Flying Machine |
| 16:41 | Farm |
| 16:41 | Farm |
| 17:04 | Gryphon Aviary |
| 17:06 | Advanced Lumber Harvesting |
| 17:06 | Advanced Masonry |
| 17:14 | Storm Bolt |
| 18:08 | Animal War Training |
| 18:10 | Steel Forged Swords |
| 19:34 | Storm Hammers |
| 19:42 | Scroll of Regeneration |
| 19:42 | Scroll of Regeneration |
| 19:43 | Lesser Clarity Potion |
| 19:45 | Lesser Clarity Potion |
| 19:45 | Potion of Mana |
| 19:47 | Avatar |
| 20:25 | Gryphon Rider |
| 20:28 | Farm |
| 20:28 | Farm |
| 21:21 | Scroll of Regeneration |
| 21:39 | Brilliance Aura |
| 21:45 | Fragmentation Shards |
| 22:07 | Gryphon Rider |
| 22:26 | Town Hall |
| 22:28 | Scout Tower |
| 22:29 | Scout Tower |
| 22:33 | Imbued Masonry |
| 22:40 | Scout Tower |
| 22:40 | Scout Tower |
| 22:41 | Scout Tower |
| 22:45 | Scout Tower |
| 22:45 | Scout Tower |
| 22:46 | Scout Tower |
| 22:49 | Scout Tower |
| 22:50 | Scout Tower |
| 22:51 | Scout Tower |
| 23:19 | Farm |
| 23:19 | Farm |
| 23:23 | Guard Tower |
| 24:06 | Peasant |
| 24:07 | Peasant |
| 24:07 | Peasant |
| 24:07 | Peasant |
| 24:29 | Flying Machine |
| 24:53 | Arcane Tower |
| 25:05 | Gryphon Rider |
| 25:39 | Scout Tower |
| 25:40 | Scout Tower |
| 25:40 | Scout Tower |
| 26:12 | Arcane Tower |
| 26:14 | Summon Water Elemental |
| 26:30 | Flying Machine |
| 26:30 | Flying Machine |
| 26:30 | Flying Machine |
| 26:30 | Flying Machine |
| 26:30 | Flying Machine |
| 26:31 | Flying Machine |
| 26:31 | Flying Machine |
| 26:32 | Iron Plating |
| Right click | 678 |
| Select | 542 |
| Build/train/purchase | 145 |
| Use ability | 32 |
| Item give/drop | 3 |